 Dungeon Crawl Stone Soup version 0.28.0-47-ge53b351184 (webtiles) character file.

Game seed: 13778269458457713746

1928 101zpm the Thaumaturge (level 9, -9/56 HPs)
             Began as a Djinni Fire Elementalist on Apr 29, 2022.
             Was a Follower of Cheibriados.
             Mangled by an orc warrior
             ... wielding a +0 hand axe
              (12 damage)
             ... on level 5 of the Dungeon.
             The game lasted 00:16:04 (8606 turns).

101zpm the Thaumaturge (Djinni Fire Elementalist)   Turns: 8606, Time: 00:16:05

Health: -9/56      AC:  7    Str:  9    XL:     9   Next: 40%
Gold:   189        EV: 12    Int: 24    God:    Cheibriados [*.....] SH:  0 Dex: 15

rFire   + + .      SeeInvis .   m - +1 hand axe (venom)
rCold   . . .      Faith    .   (no shield)
rNeg    . . .      Spirit   .   l - +0 leather armour {rC+}
rPois   ∞          Reflect  .   (no helmet)
rElec   .          Harm     .   q - scarf {+Inv}
rCorr   .          Rampage  .   (no gloves)
Will    .....                   (boots unavailable)
Stlth   ++........              (no amulet)
HPRegen 0.18/turn               n - +4 ring of protection
MPRegen 0.00/turn               t - ring of wizardry

@: flying, very slow
A: sickness immunity, fire resistance 2, cold vulnerability 1, float, innate
caster, HP casting, extra vitality 1
a: Renounce Religion, Evoke Invisibility, Bend Time


You were on level 5 of the Dungeon.
You worshipped Cheibriados.
Cheibriados was aware of your devotion.
You visited 2 branches of the dungeon, and saw 7 of its levels.

You collected 189 gold pieces.

Inventory:

Hand Weapons
 m - a +1 hand axe of venom (weapon)
Missiles
 s - 5 boomerangs
 u - 4 boomerangs of dispersal
Armour
 a - a +0 robe
 l - a +0 leather armour of cold resistance (worn)
 q - a scarf of invisibility (worn)
Jewellery
 n - a +4 ring of protection (left hand)
 t - a ring of wizardry (right hand)
 x - the ring of the Eleven Knaves {Fly Int+2 SInv}
   (You found it on level 5 of the Dungeon)

   [ring of flight]

   Int:       It affects your intelligence (+2).
   SInv:      It lets you see invisible.
   Fly:       It grants you flight.
Wands
 v - a wand of iceblast (10)
Scrolls
 b - a scroll of torment {unknown}
 c - 2 scrolls of enchant weapon {unknown}
 d - 5 scrolls of teleportation {unknown}
 e - 2 scrolls of amnesia {unknown}
 h - a scroll of summoning {unknown}
 j - a scroll of vulnerability {unknown}
 k - 4 scrolls of identify {unknown}
 p - 2 scrolls of fear {unknown}
Potions
 f - a potion of curing {unknown}
 g - a potion of ambrosia {unknown}
 i - a potion of might {unknown}
 o - 3 potions of flight {unknown}
 r - a potion of degeneration {unknown}
 w - a potion of resistance {unknown}


   Skills:
 + Level 0.6 Fighting
 + Level 3.3 Armour
 + Level 3.0 Dodging
 + Level 3.4 Stealth
 + Level 8.3 Spellcasting


You had 2 spell levels left.
You knew the following spells:

 Your Spells              Type           Power      Damage    Failure   Level
a - Foxfire               Conj/Fire      100%       2x1d9     1%          1
b - Scorch                Fire           100%       2d10      1%          2
c - Conjure Flame         Conj/Fire      50%        6-21      1%          3
d - Inner Flame           Hex/Fire       50%        N/A       1%          3
e - Flame Wave            Conj/Fire      50%        2d10      1%          4
f - Shock                 Conj/Air       100%       1d9       1%          1
g - Static Discharge      Conj/Air       50%        N/A       1%          2
h - Blink                 Tloc           100%       N/A       1%          2
i - Olgreb's Toxic Radia  Pois           50%        N/A       1%          4
Your spell library was empty.

Dungeon Overview and Level Annotations

Branches:
Dungeon (6/15)             Temple (1/1) D:4

Altars:
Ashenzari
Cheibriados
Dithmenos
Elyvilon
Fedhas
Gozag
Hepliaklqana
Nemelex Xobeh
Qazlal
Sif Muna
Trog
Vehumet
Wu Jian
Xom
Zin
The Shining One


Innate Abilities, Weirdness & Mutations

You are immune to sickness and miasma.
You are immune to poison.
Your flesh is very heat resistant. (rF++)
You are vulnerable to cold. (rC-)
You float through the air rather than walking.
You learn spells naturally, not from books.
Your magical power is your life essence.
You have superior vitality. (+4 MHP)


Message History

The orc warrior hits you with a +0 hand axe!
You conjure some foxfire!
The orc warrior misses you.
The orc warrior hits your foxfire with a +0 hand axe.
You conjure some foxfire!
The foxfire hits the orc warrior but does no damage.
The orc warrior is severely wounded.
The foxfire hits the orc warrior but does no damage.
The orc warrior is severely wounded.
The foxfire hits the orc warrior but does no damage.
The orc warrior is severely wounded.
The foxfire hits the orc warrior but does no damage.
The orc warrior is severely wounded.
The orc warrior completely misses you.
The orc warrior closely misses your foxfire.
The orc priest calls down the wrath of Beogh upon you.
You resist with significant effort.
You conjure some foxfire!
The foxfire hits the orc warrior but does no damage.
The orc warrior is severely wounded.
The orc warrior hits you with a +0 hand axe.
The orc warrior hits your foxfire with a +0 hand axe!
The orc priest calls down the wrath of Beogh upon you.
Beogh smites you!
* * * LOW HITPOINT WARNING * * *
The foxfire hits the orc warrior but does no damage.
The orc warrior is severely wounded.
The foxfire hits the orc warrior!
The orc warrior is almost dead.
The orc warrior hits you with a +0 hand axe!
* * * LOW HITPOINT WARNING * * *
You fly upwards.
There is a stone staircase leading down here.
Casting: Foxfire (safe; 1% risk of failure)
Confirm with . or Enter, or press ? or * to list all spells.
You blink.
* * * LOW HITPOINT WARNING * * *
The orc warrior hits you with a +0 hand axe.
* * * LOW HITPOINT WARNING * * *
The orc warrior hits you with a +0 hand axe!
You die...

#########################
................@o.....>#
...##########♣♣♣♣###♣♣♣♣#
##.# ♣.♣ # #<.# ♣.## ###
P♣ #..# ♣♣.###≈###P♣ ####
♣♣.♣..♣≈♣.P♣ ≈#
#♣♣.♣.♣♣.≈≈P♣
#..♣♣♣.♣≈≈♣♣P♣ #
#♣♣♣..♣♣♣≈≈♣ ♣


You could see an orc warrior.

Vanquished Creatures
  Pikel (D:5)
  Edmund (D:4)
  A black bear (D:5)
  A necrophage (D:5)
  2 ogres (D:4)
  A phantom (D:5)
  2 centaurs (D:5)
  A kobold brigand (D:3)
  A bullfrog (D:4)
  A scorpion (D:4)
  A water moccasin skeleton (D:4)
  2 hounds
  A gnoll shaman (D:4)
  3 orc priests
  2 bullfrog skeletons
  A centaur skeleton (D:5)
  2 iguanas
  2 orc wizards
  A killer bee zombie (D:6)
  4 adders
  3 gnolls (D:4)
  An ufetubus (D:5)
  An adder skeleton (D:5)
  A worm (D:4)
  A dart slug (D:1)
  8 orcs
  6 ball pythons
  4 endoplasms
  2 giant cockroaches
  9 goblins
  7 hobgoblins
  4 jackals (D:2)
  13 kobolds
  2 quokkas
  4 bats
  9 frilled lizards
  A rat (D:2)
107 creatures vanquished.

Vanquished Creatures (others)
  637 foxfires
  15 plants (D:5)
652 creatures vanquished.

Grand Total: 759 creatures vanquished

Notes
Turn   | Place    | Note
-------+----------+-------------------------------------------
     0 | D:1      | 101zpm the Djinni Fire Elementalist began the quest for the
                  | Orb.
     0 | D:1      | Reached XP level 1. HP: 15/15 MP: 0/0
   260 | D:1      | Found a faded altar of an unknown god.
   447 | D:1      | Reached XP level 2. HP: 18/21 MP: 0/0
   898 | D:1      | Reached skill level 3 in Spellcasting
  1040 | D:1      | Reached XP level 3. HP: 21/25 MP: 0/0
  1040 | D:1      | Learned a level 1 spell: Shock
  1950 | D:2      | Reached XP level 4. HP: 13/31 MP: 0/0
  2681 | D:3      | Reached skill level 4 in Spellcasting
  2681 | D:3      | Reached XP level 5. HP: 14/35 MP: 0/0
  2681 | D:3      | Learned a level 2 spell: Static Discharge
  3352 | D:3      | Noticed a kobold brigand
  3359 | D:3      | Killed a kobold brigand
  3360 | D:3      | Reached XP level 6. HP: 25/40 MP: 0/0
  3988 | D:4      | Noticed an ogre
  3990 | D:4      | Reached skill level 5 in Spellcasting
  3993 | D:4      | HP: 2/40 [ogre/+0 giant club (26)]
  3994 | D:4      | Killed an ogre
  3995 | D:4      | Reached XP level 7. HP: 2/45 MP: 0/0
  3995 | D:4      | Learned a level 2 spell: Blink
  5097 | D:4      | Reached skill level 1 in Armour
  5368 | D:4      | Reached skill level 6 in Spellcasting
  5573 | D:4      | Reached XP level 8. HP: 42/50 MP: 0/0
  6035 | D:4      | Noticed Edmund
  6053 | D:4      | Killed Edmund
  6366 | D:4      | Found a staircase to the Ecumenical Temple.
  6390 | Temple   | Entered the Ecumenical Temple
  6539 | Temple   | Became a worshipper of Cheibriados the Contemplative
  6720 | D:1      | You are sucked into a shaft and drop 1 floor!
  7415 | D:5      | Entered Level 5 of the Dungeon
  7622 | D:5      | Noticed Pikel
  7634 | D:5      | Killed Pikel
  7634 | D:5      | Reached * piety under Cheibriados
  7635 | D:5      | Reached skill level 7 in Spellcasting
  7635 | D:5      | Reached XP level 9. HP: 27/56 MP: 0/0
  7635 | D:5      | Learned a level 4 spell: Olgreb's Toxic Radiance
  8008 | D:5      | Reached skill level 8 in Spellcasting
  8212 | D:5      | Identified the ring of the Eleven Knaves {Fly Int+2 SInv}
  8606 | D:5      | Mangled by an orc warrior

Illustrated notes

Levels and vault maps discovered:
D:1:      psy_arrival_dodecagon, layout_basic,
          shapermc_ecumenical_altar_starsandcircs, nrook_loot_triangle
D:2:      kennysheep_big_flooded_room, layout_loops_ring, due_unseen_surprise
D:3:      cheibrodos_thug_alley, layout_basic
D:4:      layout_loops_cross, lemuel_temple_firewalk_b, uniq_edmund
D:5:      cheibrodos_two_vegetables, layout_basic, wad_woods_river_04,
          kennysheep_nondescript, uniq_pikel
D:6:      layout_basic, minmay_misc_feat_pillars, minivault_19, nzn_random_ring
Temple:   eino_temple_rhombus

Skill      XL: |  1  2  3  4  5  6  7  8  9 |
---------------+----------------------------+-----
Spellcasting   | 3 4 5 6 7 8 |  8.3
Stealth        | 2 3 |  3.4
Armour         | 1 2 3 |  3.3
Dodging        | 3 |  3.0
Fighting       | |  0.6

Action                   |  1- 3 |  4- 6 |  7- 9 || total
-------------------------+-------+-------+-------++-------
Melee: Unarmed           |     1 |       |       ||     1
       Hand axe          |       |       |     1 ||     1
 Cast: Foxfire           |    89 |   108 |   198 ||   395
       Scorch            |       |     7 |    12 ||    19
       Inner Flame       |       |       |     9 ||     9
       Blink             |       |       |     6 ||     6
       Shock             |       |       |     1 ||     1
Armor: Robe              |     2 |       |       ||     2
       Leather armour    |       |       |     2 ||     2
Dodge: Dodged            |     1 |     1 |    22 ||    24
